 Dungeon Sprint DCSS version 0.19.0-18-g426998a (webtiles) character file.

20074 equalderp2856 the Eviscerator (level 12, 0/58 HPs)
             Began as a Felid Fighter on Nov 11, 2016.
             Slain by a tentacled monstrosity (17 damage)
             ... in the Dungeon (Sprint IX: "|||||||||||||||||||||||||||||").
             The game lasted 00:32:52 (12117 turns).

equalderp2856 the Eviscerator (Felid Fighter)      Turns: 12117, Time: 00:32:53

Health: 0/58       AC:  5    Str: 15    XL:     12   Next: 42%
Magic:  14/14      EV: 33    Int: 10    God:
Gold:   1774       SH:  0    Dex: 17    Spells: 0 memorised, 11 levels left
                                        Lives:  0   Deaths: 2

rFire  . . .     SeeInvis +       - Unarmed
rCold  + . .     Gourm    .     (armour unavailable)
rNeg   . . .     Faith    .     (shield unavailable)
rPois  .         Spirit   .     (helmet unavailable)
rElec  .         Reflect  .     (cloak unavailable)
rCorr  .         Harm     .     (gloves unavailable)
MR     +....     NoTele   +     (boots unavailable)
Stlth  +++++++++.               (no amulet)
                                n - +2 ring of protection
                                t - ring of stealth

@: exhausted, slowed, slow
A: no armour, no weapons or thrown items, stealth, claws 1, fangs 3, see
invisible, carnivore 3, speed 1, shaggy fur 3, slow metabolism 1, sharp paws
a: no special abilities


You were in the Dungeon.
You were not hungry.

You visited 1 branch You collected 1924 gold pieces.
You spent 150 gold pieces at shops.

Inventory:

Hand Weapons
 o - a +0 club
 p - a +0 club
 w - a +2 long sword
Missiles
 F - 42 arrows
Armour
 x - a +0 plate armour
Jewellery
 m - a +3 ring of intelligence
 n - a +2 ring of protection (right paw)
 t - a ring of stealth (left paw)
 y - an uncursed amulet of harm
 z - a +4 ring of protection
 A - an uncursed ring of ice
 B - an uncursed amulet of magic regeneration
 C - an uncursed ring of see invisible
Wands
 l - a wand of lightning (6/15)
Scrolls
 j - 3 scrolls of remove curse
 k - 2 scrolls of amnesia
 r - 2 scrolls of fear
 s - 2 scrolls of identify
 E - 2 scrolls of fog
Potions
 a - a potion of might
 e - 2 potions of haste
 f - 4 potions of magic
 i - a potion of invisibility
 q - 2 potions of brilliance
 u - a potion of degeneration {unknown}
 D - a potion of agility
Miscellaneous
 v - a box of beasts
Comestibles
 b - 10 meat rations


   Skills:
 + Level 10.1 Fighting
 + Level 18.0 Dodging
 + Level 23.7 Stealth
 + Level 25.6 Unarmed Combat
 + Level 2.3 Evocations


You had 11 spell levels left.
You didn't know any spells.

Dungeon Overview and Level Annotations

Branches:
Dungeon (1/1)

Altars:
Cheibriados
Dithmenos
Elyvilon
Fedhas
Gozag
Hepliaklqana
Kikubaaqudgha
Makhleb
Nemelex Xobeh
Okawaru
Qazlal
Ru
Sif Muna
Trog
Uskayaw
Vehumet
Xom
Yredelemnul
Zin
The Shining One
Beogh
Jiyva
Lugonu

Shops:
D ?*(%


Innate Abilities, Weirdness & Mutations

You cannot wear armour.
You are incapable of wielding weapons or throwing items.
Your paws allow you to move quietly. (Stealth)
You have sharp claws.
You have razor-sharp teeth.
You have supernaturally acute eyesight. (SInv)
You are carnivorous and can eat meat at any time.
You cover ground quickly.
Your thick and shaggy fur keeps you warm. (AC +3, rC+)
You have a slow metabolism.
Your sharp claws are effective at attacking unaware monsters.


Message History

The spectral giant cockroach fades away!
Your life force feels restored.
Your Dodging skill increases to level 18!
There is an open door to the Swamp here.
You feel a strong urge to attack something.
You feel your anger subside.
You are no longer berserk.
You are exhausted.
You feel yourself slow down.
Things that are here:
a dire flail; an anaconda skeleton; a naga skeleton You see here a shock serpent skeleton.
There is an open door to the Snake Pit here.
You close the door.
A tentacled monstrosity opens the door.
Things that are here:
a dagger; a robe
There is an open door to the Spider Nest, spattered with blood here.
You see here a black mamba skeleton.
The tentacled monstrosity tentacle-slaps you!
You die...

▓C▓.▓.▓.▓)▓.▓.▓.▓'▓.▓_
▓C▓.▓.▓.▓)▓.▓)▓.▓?▓.▓_
▓J▓.▓.▓[▓)▓.▓)▓.▓?▓.▓_
▓D▓.▓.▓.▓)▓.▓[▓.▓.▓.▓_
▓+▓.▓.▓.▓)▓.▓.▓.▓.▓.▓_
▓.▓.▓.▓.▓)▓.▓.▓.▓.▓.▓'
▓.▓.▓÷▓.▓)▓.▓)▓.▓(▓.▓.
▓.▓.▓X▓.▓.▓.▓)▓[▓.▓.▓.
▓.▓.▓@▓.▓.▓.▓)▓.▓(▓.▓.
▓.▓.▓.▓.▓.▓.▓.▓)▓.▓.▓.
▓.▓.▓†▓.▓.▓.▓)▓)▓.▓.▓)
▓.▓.▓.▓.▓.▓.▓)▓.▓.▓.▓'
▓.▓)▓.▓.▓'▓.▓.▓.▓.▓.▓.
▓.▓.▓.▓.▓.▓.▓.▓)▓.▓.▓.
▓.▓.▓.▓.▓.▓.▓.▓)▓'▓.▓.
▓.▓.▓)▓.▓.▓.▓)▓.▓.▓.▓)
▓.▓.▓)▓.▓.▓.▓.▓.▓.▓.▓)


You could see a tentacled monstrosity.

Vanquished Creatures
  Saint Roka (D)
  Rupert (D)
  Gastronok (D)
  Frances (D)
  Kirke (D)
  A frost giant (D)
  An entropy weaver (D)
  A stone giant (D)
  A very ugly thing (D)
  A spark wasp (D)
  Azrael (D)
  A merfolk javelineer (D)
  Snorg (D)
  A merfolk impaler (D)
  Josephine (D)
  A great orb of eyes (D)
  An ogre mage (D)
  An anaconda (D)
  A ghost crab (D)
  A centaur warrior (D)
  A shock serpent (D)
  A salamander mystic (D)
  3 sea snakes (D)
  3 orb spiders (D)
  9 orc knights (D)
  A manticore (D)
  A mana viper (D)
  A water nymph (D)
  2 black mambas (D)
  A guardian serpent (D)
  A spiny frog (D)
  A komodo dragon (D)
  A rime drake (D)
  A demonic crawler (D)
  A jumping spider (D)
  A hornet (D)
  2 snapping turtles (D)
  5 hippogriffs (D)
  2 redbacks (D)
  A hog (D)
  A wyvern (D)
  2 yaks (D)
  5 wraiths (D)
  2 fire elementals (D)
  2 wargs (D)
  3 nagas (D)
  2 water moccasins (D)
  4 hell hounds (D)
  3 porcupines (D)
  A black bear (D)
  An ice beast (D)
  20 orc warriors (D)
  2 ogres (D)
  4 wolves (D)
  2 centaurs (D)
  2 crocodiles (D)
  A gnoll sergeant (D)
  3 bullfrogs (D)
  A scorpion (D)
  A wight (D)
  A howler monkey (D)
  A jelly (D)
  2 crimson imps (D)
  3 orc priests (D)
  2 orc wizards (D)
  A worker ant (D)
  A shadow imp (D)
  A leopard gecko (D)
  12 orcs (D)
  A bat zombie (D)
  A giant cockroach (D)
  A goblin (D)
  2 hobgoblins (D)
  A kobold (D)
  A jackal zombie (D)
  A leopard gecko skeleton (D)
153 creatures vanquished.

Vanquished Creatures (others)
  An alligator (D)
  A human (D)
  An insubstantial wisp (D)
  A swamp drake (D)
4 creatures vanquished.

Grand Total: 157 creatures vanquished

Notes
Turn   | Place    | Note
-------+----------+-------------------------------------------
     0 | D        | equalderp2856 the Felid Fighter began the quest for the Orb.
     0 | D        | Reached XP level 1. HP: 10/10 MP: 2/2
    17 | D        | Reached skill level 5 in Unarmed Combat
    70 | D        | Noticed a worker ant
    70 | D        | Noticed an ogre
    70 | D        | Noticed a howler monkey
    80 | D        | Killed a howler monkey
    80 | D        | Reached skill level 5 in Dodging
    80 | D        | Reached skill level 6 in Unarmed Combat
    80 | D        | Reached XP level 2. HP: 15/15 MP: 3/3
    80 | D        | Reached XP level 3. HP: 18/18 MP: 4/4
    97 | D        | Killed an ogre
    97 | D        | Reached skill level 5 in Fighting
    97 | D        | Reached skill level 8 in Unarmed Combat
    97 | D        | Reached XP level 4. HP: 14/23 MP: 5/5
   100 | D        | Reached skill level 9 in Unarmed Combat
   100 | D        | Reached XP level 5. HP: 13/26 MP: 6/6
   302 | D        | Found a roughly hewn altar of Beogh.
   302 | D        | Found a snail-covered altar of Cheibriados.
   302 | D        | Found a shadowy altar of Dithmenos.
   302 | D        | Found a white marble altar of Elyvilon.
   302 | D        | Found a blossoming altar of Fedhas.
   302 | D        | Found an opulent altar of Gozag.
   303 | D        | Found a hazy altar of Hepliaklqana.
   304 | D        | Found a viscous altar of Jiyva.
   305 | D        | Found an ancient bone altar of Kikubaaqudgha.
   306 | D        | Found a corrupted altar of Lugonu.
   307 | D        | Found a burning altar of Makhleb.
   308 | D        | Found a sparkling altar of Nemelex Xobeh.
   309 | D        | Found an iron altar of Okawaru.
   310 | D        | Found a stormy altar of Qazlal.
   311 | D        | Found a sacrificial altar of Ru.
   312 | D        | Found a deep blue altar of Sif Muna.
   313 | D        | Found a bloodstained altar of Trog.
   314 | D        | Found a hide-covered altar of Uskayaw.
   315 | D        | Found a radiant altar of Vehumet.
   316 | D        | Found a shimmering altar of Xom.
   317 | D        | Found a basalt altar of Yredelemnul.
   318 | D        | Found a glowing silver altar of Zin.
   319 | D        | Found a glowing golden altar of the Shining One.
   402 | D        | Noticed a black bear
   402 | D        | Noticed a yak
   478 | D        | Reached skill level 10 in Unarmed Combat
   533 | D        | Gained mutation: You are covered in thick fur. (AC +2) [Felid growth]
   533 | D        | Reached XP level 6. HP: 6/31 MP: 7/7
   702 | D        | Reached skill level 11 in Unarmed Combat
   990 | D        | Killed a yak
   990 | D        | Reached skill level 1 in Stealth
   990 | D        | Reached skill level 12 in Unarmed Combat
  1199 | D        | Reached XP level 7. HP: 34/35 MP: 8/8
  1228 | D        | Noticed a hippogriff
  1228 | D        | Noticed a wyvern
  1231 | D        | Killed a wyvern
  1231 | D        | Reached skill level 10 in Dodging
  1231 | D        | Reached skill level 13 in Unarmed Combat
  1245 | D        | Reached skill level 5 in Stealth
  1263 | D        | Killed a hippogriff
  1263 | D        | Reached skill level 14 in Unarmed Combat
  1263 | D        | Reached XP level 8. HP: 15/40 MP: 9/9
  1679 | D        | Noticed a spiny frog
  1685 | D        | Noticed a hippogriff
  1687 | D        | Noticed a hippogriff
  1953 | D        | Killed a spiny frog
  1953 | D        | Reached skill level 15 in Unarmed Combat
  2055 | D        | Killed a hippogriff
  2055 | D        | Reached XP level 9. HP: 29/43 MP: 10/10
  2190 | D        | Reached skill level 10 in Stealth
  2206 | D        | Noticed a komodo dragon
  2206 | D        | Noticed a rime drake
  2521 | D        | Killed a rime drake
  2521 | D        | Reached skill level 16 in Unarmed Combat
  2746 | D        | Killed a komodo dragon
  3139 | D        | Noticed a black mamba
  3146 | D        | Killed a black mamba
  3146 | D        | Reached skill level 17 in Unarmed Combat
  3376 | D        | Reached XP level 10. HP: 48/48 MP: 11/11
  3576 | D        | Noticed Gastronok
  3594 | D        | Killed Gastronok
  3594 | D        | Reached skill level 18 in Unarmed Combat
  3642 | D        | Noticed an orc knight
  3662 | D        | Killed an orc knight
  3678 | D        | Reached skill level 19 in Unarmed Combat
  3739 | D        | Noticed an orc knight
  3783 | D        | Killed an orc knight
  4018 | D        | Reached XP level 11. HP: 51/51 MP: 12/12
  4456 | D        | Found Zymar's Food Boutique.
  4456 | D        | Noticed an orc knight
  4456 | D        | Noticed an orc knight
  4456 | D        | Noticed an orc knight
  4456 | D        | Noticed an orc knight
  4457 | D        | Noticed an orc knight
  5047 | D        | Killed an orc knight
  5047 | D        | Reached skill level 15 in Stealth
  5824 | D        | Killed an orc knight
  6495 | D        | Killed an orc knight
  6495 | D        | Reached skill level 20 in Unarmed Combat
  6943 | D        | Killed an orc knight
  6943 | D        | Reached skill level 15 in Dodging
  7200 | D        | Found Qackesed's Weapon Shop.
  7202 | D        | Found Vath's Assorted Antiques.
  7467 | D        | Killed an orc knight
  7506 | D        | Found Teneostre's Magic Scroll Shop.
  7509 | D        | Noticed an orc knight
  7511 | D        | Noticed an orc knight
  7528 | D        | Killed an orc knight
  7809 | D        | Killed an orc knight
  8036 | D        | Bought a dented emerald amulet for 150 gold pieces
  8218 | D        | Noticed a spark wasp
  8220 | D        | Noticed a stone giant
  8306 | D        | Noticed a centaur warrior
  8339 | D        | Killed a spark wasp
  8990 | D        | Killed a centaur warrior
  8990 | D        | Reached skill level 1 in Evocations
  9093 | D        | Killed a stone giant
  9093 | D        | Reached skill level 21 in Unarmed Combat
  9185 | D        | Noticed a frost giant
  9201 | D        | Killed a frost giant
  9201 | D        | Gained mutation: Your thick and shaggy fur keeps you warm. (AC +3, rC+) [Felid growth]
  9201 | D        | Reached XP level 12. HP: 56/56 MP: 12/14
  9239 | D        | Noticed an ogre mage
  9247 | D        | Killed an ogre mage
  9259 | D        | Noticed a great orb of eyes
  9270 | D        | Killed a great orb of eyes
  9283 | D        | Noticed a red very ugly thing
  9292 | D        | Killed a red very ugly thing
  9306 | D        | Noticed Frances
  9314 | D        | Noticed Kirke
  9317 | D        | Killed Frances
  9317 | D        | Reached skill level 22 in Unarmed Combat
  9542 | D        | Killed Kirke
  9662 | D        | Noticed Rupert
  9680 | D        | Killed Rupert
  9844 | D        | Noticed Saint Roka
  9852 | D        | Reached skill level 23 in Unarmed Combat
 10114 | D        | Killed Saint Roka
 10114 | D        | Reached XP level 13. HP: 39/60 MP: 15/15
 10392 | D        | Noticed an entropy weaver
 10415 | D        | Slain by an entropy weaver
 10416 | D        | Reached XP level 12. HP: -4/58 MP: 14/14
 10421 | D        | Noticed an ettin
 10421 | D        | Noticed a cyan very ugly thing
 10421 | D        | Noticed an ettin
 10421 | D        | Noticed a fire giant
 10421 | D        | Noticed a fire dragon
 10442 | D        | Noticed Josephine
 10460 | D        | Killed Josephine
 10460 | D        | Reached skill level 24 in Unarmed Combat
 10475 | D        | Noticed Azrael
 10490 | D        | Killed Azrael
 10537 | D        | Noticed Snorg
 10548 | D        | Killed Snorg
 10548 | D        | Reached skill level 10 in Fighting
 10727 | D        | Noticed a merfolk impaler
 10727 | D        | Noticed a merfolk javelineer
 10731 | D        | Killed a merfolk impaler
 10742 | D        | Killed a merfolk javelineer
 11110 | D        | Noticed a thorn hunter
 11110 | D        | Noticed a tentacled monstrosity
 11110 | D        | Noticed a four-headed hydra
 11110 | D        | Noticed a ghost crab
 11125 | D        | Killed from afar by a thorn hunter
 11126 | D        | Reached XP level 11. HP: -9/54 MP: 13/13
 11408 | D        | Killed an entropy weaver
 11468 | D        | Noticed an orb spider
 11470 | D        | Killed an orb spider
 11470 | D        | Reached skill level 25 in Unarmed Combat
 11482 | D        | Killed an orb spider
 11482 | D        | Reached XP level 12. HP: 32/58 MP: 14/14
 11691 | D        | Noticed an anaconda
 11701 | D        | Killed an anaconda
 12051 | D        | Noticed an alligator
 12071 | D        | HP: 2/58 [ghost crab] (6)]
 12072 | D        | Killed an alligator
 12084 | D        | HP: 1/58 [ghost crab] (8)]
 12089 | D        | HP: 2/58 [ghost crab] (4)]
 12093 | D        | Killed a ghost crab
 12117 | D        | Slain by a tentacled monstrosity

Skill      XL: |  1  2  3  4  5  6  7  8  9 10 11 12 |
---------------+-------------------------------------+-----
Unarmed Combat | 6 8 9 10 12 14 15 17 19 25 24 | 25.6
Fighting       | 4 5 6 7 8 10 | 10.1
Dodging        | 5 7 8 9 10 11 13 14 15 18 | 18.0
Stealth        | 3 6 9 12 14 23 22 | 23.7
Evocations     | 1 2 |  2.3

Action                   |  1- 3 |  4- 6 |  7- 9 | 10-12 | 13-15 || total
-------------------------+-------+-------+-------+-------+-------++-------
Melee: Unarmed           |    39 |    57 |   124 |   523 |    21 ||   764
       Punch             |     2 |     1 |    14 |    66 |       ||    83
       Bite              |     1 |     7 |    19 |    88 |     5 ||   120
Evoke: Wand              |       |       |     1 |       |       ||     1
       Box of beasts     |       |       |       |     3 |       ||     3
  Use: Scroll            |       |     1 |       |     3 |       ||     4
       Potion            |       |       |     2 |    15 |       ||    17
 Stab: Distracted        |       |       |     2 |    12 |     1 ||    15
       Sleeping          |       |       |       |    12 |       ||    12
  Eat: Chunk             |       |       |     4 |       |       ||     4
       Meat ration       |       |       |       |     2 |     1 ||     3
Armor: Skin              |     1 |     4 |     7 |    11 |       ||    23
Dodge: Dodged            |    23 |    44 |   108 |   299 |    20 ||   494
